 Dungeon Crawl Stone Soup version 0.26-a0-639-g72c4674329 (webtiles) character file.

Game seed: 2444923606660517084

103 Descartes the Magician (level 4, -7/24 HPs)
             Began as a Deep Elf Air Elementalist on Sept 17, 2020.
             Mangled by a water moccasin (9 damage)
             ... on level 3 of the Dungeon.
             The game lasted 00:04:35 (2790 turns).

Descartes the Magician (Deep Elf Air Elementalist)  Turns: 2790, Time: 00:04:47

Health: -7/24      AC:  2    Str:  3 (5)  XL:     4   Next: 51%
Magic:  5/12       EV: 17    Int: 19 (21) God:
Gold:   51         SH:  0    Dex: 14 (15) Spells: 10/11 levels left

rFire    . . .     SeeInvis .   u - +4 short sword
rCold    . . .     Faith    .   (no shield)
rNeg     . . .     Spirit   .   a - +0 robe
rPois    .         Reflect  .   (no helmet)
rElec    .         Harm     .   (no cloak)
rCorr    .         Rampage  .   (no gloves)
MR       .....                  (no boots)
Stlth    ++........             (no amulet)
HPRegen  0.08/turn              m - +4 ring of evasion
MPRegen  0.13/turn              (no ring)

@: lethally poisoned (-7 -> -18)
A: no striking features
a: no special abilities


You were on level 3 of the Dungeon.
You visited 1 branch of the dungeon, and saw 3 of its levels.

You collected 51 gold pieces.

Inventory:

Hand Weapons
 d - a +0 dagger of electrocution
 t - a +2 dagger of holy wrath
 u - a +4 short sword (weapon)
Missiles
 c - 81 stones (quivered)
 i - 17 sling bullets
 k - 16 poisoned darts
Armour
 a - a +0 robe (worn)
Jewellery
 m - a +4 ring of evasion (left hand)
 o - an uncursed ring of flight {unknown}
Scrolls
 g - a scroll of blinking {unknown}
 h - a scroll of teleportation {unknown}
 j - 4 scrolls of identify {unknown}
 l - a scroll of remove curse {unknown}
 n - a scroll of magic mapping {unknown}
 p - 2 scrolls of immolation {unknown}
 s - a scroll of fear {unknown}
Potions
 b - a potion of magic {unknown}
 q - a potion of haste {unknown}
 r - a potion of curing {unknown}


   Skills:
 + Level 3.3 Dodging
 + Level 3.6 Stealth
 + Level 4.0 Spellcasting
 + Level 2.2 Conjurations
 + Level 3.5 Air Magic


You had 10 spell levels left.
You knew the following spells:

 Your Spells              Type           Power        Failure   Level
a - Shock                 Conj/Air       ##..         4%          1

Your spell library contained the following spells:

 Spells                   Type           Power        Failure   Level
 Swiftness                Air            ###.....     4%          2
 Static Discharge         Conj/Air       ##......     13%         3
 Airstrike                Air            ###.......   32%         4
 Lightning Bolt           Conj/Air       ##........   75%         5


Dungeon Overview and Level Annotations

Branches:
Dungeon (3/15)

Altars:
Qazlal


Message History

You hit the water moccasin but do no damage.
The water moccasin is severely wounded.
You feel sick. The water moccasin misses you. The water moccasin bites you!
* * * LOW HITPOINT WARNING * * *
Casting: Shock (safe; 3% risk of failure)
Confirm with . or Enter, or press ? or * to list all spells.
Aiming: Shock (safe; 3% risk of failure)
Press: ? - help, Shift-Dir - straight line, f/p - water moccasin
Aim: a water moccasin (severely wounded)
The zap misses the water moccasin. x2
* * * LOW HITPOINT WARNING * * *
You feel sick. The water moccasin closely misses you.
It was a potion of degeneration.
There was something very wrong with that liquid.
You feel weakened.
You feel dopey.
You feel clumsy.
* * * LOW HITPOINT WARNING * * *
You feel sick.
The water moccasin completely misses you.
The water moccasin bites you!
You die...

###
#####.####
#........
#.....#.#####
#.(@..##....#
#.S.[.#)###.#
#.....†## #<#
....#.#.##
#.#
#†#..#.#.#
#.# #.
##...... ...
. ##.#....
...
$...####.#.##
.#### .#.#


You could see a water moccasin.

Vanquished Creatures
  An adder (D:2)
  2 oozes (D:1)
  An adder zombie (D:1)
  A worm (D:2)
  3 dart slugs
  4 leopard geckos
  4 bats
  3 giant cockroaches (D:1)
  5 hobgoblins
  8 jackals
  2 quokkas (D:2)
  3 ball pythons
  3 frilled lizards
  A giant cockroach zombie (D:1)
  6 goblins
  11 kobolds
  9 rats
67 creatures vanquished.

Notes
Turn   | Place    | Note
-------+----------+-------------------------------------------
     0 | D:1      | Descartes the Deep Elf Air Elementalist began the quest for
                  | the Orb.
     0 | D:1      | Reached XP level 1. HP: 10/10 MP: 6/6
   259 | D:1      | Reached XP level 2. HP: 15/15 MP: 2/8
   784 | D:1      | Reached XP level 3. HP: 18/19 MP: 1/9
  2017 | D:2      | Reached XP level 4. HP: 24/24 MP: 8/11
  2096 | D:2      | Found a stormy altar of Qazlal.
  2513 | D:2      | Reached skill level 4 in Spellcasting
  2780 | D:3      | Noticed a water moccasin
  2790 | D:3      | Mangled by a water moccasin

Illustrated notes

Levels and vault maps discovered:
D:1:      saegor_arrival_fortress, layout_basic
D:2:      layout_basic, overflow_temple_1_default
D:3:      layout_loops_ring, marbit_many_paths

Skill      XL: |  1  2  3  4 |
---------------+-------------+-----
Stealth        | 3 |  3.6
Dodging        | 3 |  3.3
Conjurations   | 2 |  2.2
Spellcasting   | 4 |  4.0
Air Magic      | |  3.5

Action                   |  1- 3 |  4- 6 || total
-------------------------+-------+-------++-------
Melee: Dagger            |     4 |       ||     4
       Short sword       |       |     4 ||     4
 Cast: Shock             |   105 |    57 ||   162
  Use: Potion            |       |     1 ||     1
Armor: Robe              |     3 |     2 ||     5
Dodge: Dodged            |    14 |     8 ||    22

Table legend: (Time is in decaauts)
 A = Elapsed time spent in this place.
 B = Non-inter-level travel time spent in this place.
 C = Inter-level travel time spent in this place.
 D = Time resting spent in this place.
 E = Time spent auto-exploring this place.
 F = Levels seen in this place.
 G = Mean time per level.
                   A        B        C        D        E       F      G
               +--------+--------+--------+--------+--------+-----+--------+
         Total |   2788 |   2764 |     24 |      0 |   2474 |   3 |  929.3 |
       Dungeon |   2788 |   2764 |     24 |      0 |   2474 |   3 |  929.3 |
               +--------+--------+--------+--------+--------+-----+--------+

Top non-repeatable levels by time:
     D:1: 1913 daAuts
     D:2: 821 daAuts
     D:3: 53 daAuts
